 Dungeon Crawl Stone Soup version 0.26.1-2-gb8aa6d0cf2 (webtiles) character file.

Game seed: 8744578382703833389

25 pokeman the Magician (level 2, -1/15 HPs)
             Began as a Deep Elf Hedge Wizard on Feb 16, 2021.
             Slain by Sigmund
             ... wielding a +0 scythe
              (8 damage)
             ... on level 2 of the Dungeon.
             The game lasted 00:01:51 (1719 turns).

pokeman the Magician (Deep Elf Hedge Wizard)        Turns: 1719, Time: 00:01:52

Health: -1/15      AC:  3    Str:  7    XL:     2   Next: 82%
Magic:  10/10      EV: 13    Int: 18    God:
Gold:   60         SH:  0    Dex: 14    Spells: 11/12 levels left

rFire    . . .     SeeInvis .   a - +0 dagger
rCold    . . .     Faith    .   (no shield)
rNeg     . . .     Spirit   .   b - +0 robe
rPois    .         Reflect  .   f - +0 helmet
rElec    .         Harm     .   (no cloak)
rCorr    .         Rampage  .   (no gloves)
Will     .....                  (no boots)
Stlth    +.........             c - amulet of inaccuracy (curse)
HPRegen  0.05/turn              (no ring)
MPRegen  0.12/turn              (no ring)

@: confused
A: no striking features
a: no special abilities


You were on level 2 of the Dungeon.
You visited 1 branch of the dungeon, and saw 2 of its levels.

You collected 60 gold pieces.

Inventory:

Hand Weapons
 a - a +0 dagger (weapon)
Missiles
 h - 34 arrows
Armour
 b - a +0 robe (worn)
 f - a +0 helmet (worn)
Jewellery
 c - a cursed amulet of inaccuracy (around neck)
 n - an uncursed amulet of faith {unknown}
Scrolls
 e - a scroll of amnesia {unknown}
 g - 2 scrolls of identify {unknown}
 k - 5 scrolls of teleportation {unknown}
 m - a scroll of noise {unknown}
Potions
 d - a potion of resistance {unknown}
 i - 2 potions of curing {unknown}
 j - a potion of heal wounds {unknown}
 l - a potion of haste {unknown}


   Skills:
 + Level 2.5 Dodging
 + Level 2.5 Stealth
 + Level 5.6 Spellcasting
 + Level 1.2 Conjurations
 + Level 1.1 Summonings
 + Level 1.1 Translocations


You had 11 spell levels left.
You knew the following spells:

 Your Spells              Type           Power        Failure   Level
a - Magic Dart            Conj           36%          8%          1

Your spell library contained the following spells:

 Spells                   Type           Power        Failure   Level
 Blink                    Tloc           N/A          12%         2
 Call Imp                 Summ           9%           12%         2
 Slow                     Hex            5%           19%         2
 Conjure Flame            Conj/Fire      7%           28%         3
 Mephitic Cloud           Conj/Pois/Air  6%           32%         3


Dungeon Overview and Level Annotations

Branches:
Dungeon (2/15)

Altars:

Annotations:
D:2 Sigmund


Message History

Sigmund gestures at you while chanting.
You are confused.
You bump into the rock wall.
Sigmund gestures at you while chanting.
You are more confused.
Sigmund points at you and mumbles some strange words.
You are more confused.
Sigmund barely misses you. Sigmund barely misses you.
You're too confused to move!
Sigmund closely misses you.
Sigmund casts a spell at himself.
Sigmund flickers and vanishes!
Deactivating autopickup; reactivate with Ctrl-A.
You hear some strange, mumbled words.
A puff of flame appears from out of thin air!
The puff of flame hits you. Something hits you. Something hits you!
Ouch! That really hurt!
You die...

#......?.. #.....#...
#!........
##############.........
.......................
.......................
......###....#...#...###
................{#.....#
................@#.....#
.................#.....#
.........†.#.....#.....#####
...##......#.......#.......#
...........................#
...........................#
.............######.<......#
..........#### #........#
#.........# #......###


There were no monsters in sight!

Vanquished Creatures
  2 dart slugs (D:1)
  2 giant cockroaches (D:1)
  3 goblins (D:1)
  5 hobgoblins (D:1)
  2 kobolds (D:1)
  5 bats
  A frilled lizard (D:1)
20 creatures vanquished.

Notes
Turn   | Place    | Note
-------+----------+-------------------------------------------
     0 | D:1      | pokeman the Deep Elf Hedge Wizard began the quest for the
                  | Orb.
     0 | D:1      | Reached XP level 1. HP: 10/10 MP: 7/7
   624 | D:1      | Reached skill level 5 in Spellcasting
   624 | D:1      | Reached XP level 2. HP: 13/15 MP: 3/10
  1698 | D:2      | Noticed Sigmund
  1719 | D:2      | Slain by Sigmund

Illustrated notes

Levels and vault maps discovered:
D:1:      co_arrival_random_square_maze, layout_loops_corners,
          minmay_misc_feat_diagonals, minmay_misc_feat_square
D:2:      minmay_skewed_foursquare, layout_basic,
          nicolae_overflow_hidden_temple, uniq_jessica, uniq_sigmund,
          uniq_crazy_yiuf_cottage

Skill      XL: |  1 |
---------------+----+-----
Spellcasting   | 5 |  5.6
Dodging        | |  2.5
Stealth        | |  2.5
Conjurations   | |  1.2
Summonings     | |  1.1
Translocations | |  1.1

Action                   || total
-------------------------++-------
Melee: Dagger            ||     7
 Cast: Magic Dart        ||    64
Armor: Robe              ||     2
Dodge: Dodged            ||    18
